Map: Catalyst LE

Players

Namshar - Winner!

  • Race: Zerg Zerg
  • Spawn Location: 11:00

Scarlett

  • Race: Zerg Zerg
  • Spawn Location: 5:00

Event: WCS Leipzig 2018

VOD

Have the link to the VOD?

Description

Time

  • Played on: Jan. 26, 2018, 12:15 p.m.
  • Length: 4:09

All games in this series

Show
View Real Time Build Order
Export as new Build Order

Namshar Zerg - Winner!

Build Orders: Hatch First 

Get SALT Encoding   

  12  0:00  Drone  
  13  0:12  Overlord  
  13  0:17  Drone  
  14  0:30  Drone x2  
  14  0:34  Drone  
  17  0:51  Hatchery  
  17  0:54  Drone  
  17  0:57  Drone  
  17  1:03  Extractor  
  17  1:13  Spawning Pool  
  17  1:16  Drone  
  17  1:19  Drone  
  18  1:27  Drone  
  19  1:40  Overlord  
  19  1:49  Drone  
  20  1:59  Queen  
  20  2:00  Zergling x2  
  23  2:02  Queen  
  23  2:04  Metabolic Boost  
  23  2:06  Zergling x2  
  26  2:10  Drone  
  26  2:14  Drone  
  28  2:21  Drone  
  29  2:26  Drone  
  30  2:35  Hatchery  
  29  2:38  Drone  
  29  2:43  Baneling Nest  
  29  2:46  Drone  
  29  2:50  Overlord  
  30  2:56  Drone  
  31  3:01  Zergling x2  
  31  3:02  Zergling x2  
  33  3:12  Zergling x10  
  38  3:13  Zergling x2  
  38  3:19  Overlord  
  39  3:27  Zergling x2  
  39  3:28  Queen  
  39  3:31  Baneling x2  
  39  3:32  Baneling x2  
  42  3:36  Overlord  
  42  3:39  Drone  
  42  3:40  Drone  
  44  3:48  Drone  
  44  3:49  Drone x3  
  44  3:54  Drone x2  
Show
View Real Time Build Order
Export as new Build Order

Scarlett Zerg 

Build Orders: Hatch First 

Get SALT Encoding   

  12  0:00  Drone  
  13  0:12  Overlord  
  13  0:17  Drone  
  14  0:31  Drone x2  
  14  0:35  Drone  
  17  0:52  Hatchery  
  17  0:54  Drone  
  17  0:58  Drone  
  17  1:04  Extractor  
  17  1:13  Spawning Pool  
  17  1:16  Drone  
  17  1:20  Drone  
  18  1:29  Drone  
  19  1:39  Drone  
  20  1:49  Overlord  
  20  1:59  Queen  
  22  2:03  Queen  
  22  2:04  Drone  
  22  2:06  Zergling x2, Metabolic Boost  
  26  2:10  Drone  
  26  2:15  Drone  
  28  2:21  Drone  
  29  2:26  Drone  
  30  2:32  Drone  
  31  2:38  Hatchery  
  29  2:45  Zergling x2  
  29  2:48  Queen  
  32  2:53  Overlord  
  32  2:59  Baneling Nest  
  32  3:00  Zergling x2  
  32  3:03  Zergling x2  
  32  3:04  Drone  
  34  3:07  Zergling x2  
  35  3:14  Drone x3  
  38  3:27  Zergling x4  
  40  3:33  Drone x2  
  42  3:34  Overlord  
  42  3:43  Baneling x2  
  42  3:44  Zergling x2  
  43  3:54  Baneling x2  
Tags
 
Add a new tag
Caveats
  • Supply blocks, unpowered buildings, or Contaminate may cause inaccurate times.
  • Supply counts are checked every 10 seconds.